Wild vs Blues

Created - Tuesday, January 12, 2016 at 02:29

Goals
1 2 3 T
Wild 0 0 1 1
Blues 0 1 2 3
Shots
1 2 3 T
Wild 7 8 13 28
Blues 5 6 12 23

1st period

No Goal

Penalties :
Cody McCormick (Min) for Unsportsmanlike conduct (Minor) at 5:49

2nd period

1. Blues , Brandon Saad 13 (Ryan Ellis) at 14:26 (PP)

Penalties :
Zdeno Chara (StL) for Charging (Minor) at 1:13, Dana Tyrell (Min) for High sticking (Minor) at 4:17, Tuomo Ruutu (Min) for Roughing (Minor) at 8:58, Jonathan Ericsson (Min) for Close Hand On Puck (Minor) at 13:52

3rd period

2. Blues , Tomas Tatar 16 (Brandon Saad, Kris Letang) at 1:33 (PP)
3. Blues , Mark Stone 13 (Sean Couturier, Kris Letang) at 2:42
4. Wild , Jordan Eberle 6 (Thomas Vanek) at 3:45

Penalties :
Luke Schenn (Min) for Hooking (Minor) at 0:35

Goalie Stats

Ryan Miller (Min), 20 saves from 23 shots - (0.870), L, 16-10-3, 60:00 minutes
Henrik Lundqvist (StL), 27 saves from 28 shots - (0.964), W, 20-9-6, 60:00 minutes

Players Stats for Wild

Player Name              G  A  P  +/- PIM S  H  SB GA TA FO     MP     PP MP  PK MP  
------------------------------------------------------------------------------------
Brad Marchand            0  0  0  -1  0   3  4  0  0  0  1/1    17:27   0:46   1:59 
Cody Franson             0  0  0  -1  0   1  1  2  0  1  0/0    23:28   0:56   1:48 
Cody McCormick           0  0  0   0  2   2  1  2  0  3  4/5    16:00   1:13   3:37 
Craig Cunningham         0  0  0   0  0   0  3  2  0  1  2/6    12:11   0:00   0:41 
Dale Weise               0  0  0   0  0   0  1  2  0  0  0/2    11:27   0:00   0:00 
Dana Tyrell              0  0  0   0  2   1  1  0  0  0  0/0    12:35   0:46   0:00 
Derek Stepan             0  0  0  -1  0   2  0  0  0  0  3/7    15:33   0:00   1:17 
Jonathan Ericsson        0  0  0   0  2   1  0  1  0  1  0/0    12:52   0:00   0:00 
Jordan Eberle            1  0  1   1  0   3  0  0  0  0  0/0    13:12   0:00   0:00 
Luke Schenn              0  0  0   0  2   2  6  3  0  1  0/0    20:17   1:03   1:48 
Marcus Johansson         0  0  0   1  0   2  1  0  1  1  5/18   16:55   1:13   2:18 
Marek Zidlicky           0  0  0  -1  0   1  3  0  0  1  0/0    15:58   0:00   0:00 
Mark Streit              0  0  0   1  0   3  0  0  1  2  0/0    23:44   0:56   5:41 
Max Talbot               0  0  0   0  0   2  2  0  0  0  0/0    11:06   0:00   0:00 
Patrik Elias             0  0  0   0  0   2  1  0  4  0  4/6    12:08   0:46   0:00 
Thomas Vanek             0  1  1   1  0   3  0  0  2  2  2/3    19:36   1:13   5:06 
Toby Enstrom             0  0  0   1  0   0  0  6  0  3  0/0    23:39   1:03   5:41 
Tuomo Ruutu              0  0  0  -1  2   0  2  0  0  0  0/1    14:18   0:00   0:00 

Players Stats for Blues

Player Name              G  A  P  +/- PIM S  H  SB GA TA FO     MP     PP MP  PK MP  
------------------------------------------------------------------------------------
Anders Lee               0  0  0   0  0   1  1  1  1  0  3/9    17:41   3:40   0:00 
Artem Anisimov           0  0  0  -1  0   2  0  0  0  1  11/13  17:06   0:00   0:46 
Brandon Saad             1  1  2  -1  0   1  2  0  0  1  0/0    19:08   3:30   0:46 
Cam Atkinson             0  0  0   0  0   1  1  1  1  0  0/0    18:51   4:25   0:00 
Hampus Lindholm          0  0  0   0  0   1  1  0  0  0  0/0    16:20   0:00   0:00 
Jeremy Morin             0  0  0   0  0   0  0  0  0  0  0/0     6:55   0:00   0:00 
Josh Gorges              0  0  0   0  0   1  0  0  1  1  0/0    19:53   0:00   0:00 
Kevan Miller             0  0  0   0  0   0  1  0  0  0  0/0     5:00   0:00   0:00 
Kris Letang              0  2  2   0  0   4  0  2  0  3  0/0    22:51   3:24   1:59 
Mark Fayne               0  0  0   0  0   1  2  0  0  0  0/0    13:50   0:42   0:00 
Mark Stone               1  0  1   1  0   1  2  0  6  0  0/1    21:01   3:02   0:00 
Rick Nash                0  0  0   1  0   0  2  0  4  0  0/1    20:18   4:09   1:13 
Ryan Ellis               0  1  1   0  0   0  1  2  2  0  0/0    18:55   3:23   1:59 
Scott Laughton           0  0  0   0  0   0  0  0  0  0  2/5     5:02   0:00   0:00 
Sean Couturier           0  1  1   1  0   5  1  0  3  0  11/19  20:11   3:49   1:13 
Steve Ott                0  0  0   0  0   1  5  0  1  0  1/1    18:42   4:12   0:00 
Tomas Tatar              1  0  1  -1  0   3  0  0  6  0  0/0    21:02   3:09   0:00 
Zdeno Chara              0  0  0   0  2   1  2  1  1  0  0/0    15:14   0:00   0:00 

3 Stars

1 - Henrik Lundqvist (StL)
2 - Mark Stone (StL)
3 - Brandon Saad (StL)

Power Play

Wild - 0 on 1 Attempt(s) - 0.00%
Blues - 2 on 5 Attempt(s) - 40.00%

Penalty Kill

Wild - 3 on 5 Attempt(s) - 60.00% - Score 0 goal in Penalty Kill
Blues - 1 on 1 Attempt(s) - 100.00% - Score 0 goal in Penalty Kill

Team Stat

Wild - Hits : 26 - Faceoff Wins : 21 - Blocked Shots : 18 - Penalty Minutes : 10
Blues - Hits : 21 - Faceoff Wins : 28 - Blocked Shots : 7 - Penalty Minutes : 2

Official

Referees : Unknown
Linesman : Unknown

Game Notes

No Game Note

Finance

Level 1 -- Attendance: 5333 (88.88%) -- Ticket Income $442,639
Level 2 -- Attendance: 4418 (88.36%) -- Ticket Income $212,064
Level 3 -- Attendance: 2000 (100.00%) -- Ticket Income $52,000
Level 4 -- Attendance: 4000 (100.00%) -- Ticket Income $56,000
Luxury Box -- Attendance: 878 (87.80%) -- Ticket Income $149,260
Game was played at the Savis Center.
Total Attendance: 16629 (92.38%)
Total Ticket Income: $911,963
Other Income: $446,862
Total Income: $1,358,825

Wild

5 vs 5 Forward 
   Center                   Left Wing                Right Wing               Time % Phy DF OF 
 1 Marcus Johansson         Thomas Vanek             Jordan Eberle            35     1   2  2  
 2 Derek Stepan             Brad Marchand            Tuomo Ruutu              30     1   2  2  
 3 Patrik Elias             Max Talbot               Cody McCormick           22     1   2  2  
 4 Craig Cunningham         Dana Tyrell              Dale Weise               13     1   2  2  

5 vs 5 Defense 
   Defense                  Defense                                           Time % Phy DF OF 
 1 Mark Streit              Toby Enstrom                                      35     1   2  2  
 2 Cody Franson             Marek Zidlicky                                    30     1   2  2  
 3 Jonathan Ericsson        Luke Schenn                                       22     1   2  2  
 4 Cody Franson             Luke Schenn                                       13     1   2  2  

PowerPlay Forward 
   Center                   Left Wing                Right Wing               Time % Phy DF OF 
 1 Marcus Johansson         Thomas Vanek             Cody McCormick           60     1   2  2  
 2 Patrik Elias             Brad Marchand            Dana Tyrell              40     1   2  2  

PowerPlay Defense
   Defense                  Defense                                           Time % Phy DF OF 
 1 Cody Franson             Mark Streit                                       60     1   2  2  
 2 Luke Schenn              Toby Enstrom                                      40     1   2  2  

Penalty Kill 4 Players Forward 
   Center                   Wing                     Time % Phy DF OF 
 1 Cody McCormick           Thomas Vanek             60     1   2  2  
 2 Derek Stepan             Brad Marchand            40     1   2  2  

Penalty Kill 4 Players Defense
   Defense                  Defense                  Time % Phy DF OF 
 1 Toby Enstrom             Mark Streit              60     1   2  2  
 2 Luke Schenn              Cody Franson             40     1   2  2  

Penalty Kill - 3 Players Forward 
   Forward                                           Time % Phy DF OF 
 1 Cody McCormick                                    60     1   2  2  
 2 Thomas Vanek                                      40     1   2  2  

Penalty Kill - 3 Players Defense
   Defense                  Defense                  Time % Phy DF OF 
 1 Toby Enstrom             Mark Streit              60     1   2  2  
 2 Luke Schenn              Cody Franson             40     1   2  2  

4 vs 4 Forward 
   Center                   Wing                     Time % Phy DF OF 
 1 Cody McCormick           Thomas Vanek             60     1   2  2  
 2 Marcus Johansson         Brad Marchand            40     1   2  2  

4 vs 4 Defense
   Defense                  Defense                  Time % Phy DF OF 
 1 Cody Franson             Mark Streit              60     1   2  2  
 2 Luke Schenn              Toby Enstrom             40     1   2  2  

Last Minutes Offensive
   Center                   Left Wing                Right Wing               Defense                  Defense                  
   Marcus Johansson         Brad Marchand            Jordan Eberle            Cody Franson             Mark Streit              

Last Minutes Defensive
   Center                   Left Wing                Right Wing               Defense                  Defense                  
   Cody McCormick           Patrik Elias             Craig Cunningham         Toby Enstrom             Luke Schenn              

Goaltenders
Starting : Ryan Miller              
Backup : Niklas Backstrom         

Extra Forwards
Normal : Derek Stepan, Cody McCormick, Thomas Vanek - PP : Jordan Eberle, Cody McCormick - PK : Marcus Johansson
Extra Defensemen
Normal : Cody Franson, Toby Enstrom, Luke Schenn - PP : Toby Enstrom - PK : Toby Enstrom, Luke Schenn
Penalty Shots
Jordan Eberle, Thomas Vanek, Derek Stepan, Brad Marchand, Cody McCormick

Blues

5 vs 5 Forward 
   Center                   Left Wing                Right Wing               Time % Phy DF OF 
 1 Sean Couturier           Rick Nash                Mark Stone               32     1   2  2  
 2 Artem Anisimov           Tomas Tatar              Brandon Saad             32     1   2  2  
 3 Anders Lee               Steve Ott                Cam Atkinson             22     1   2  2  
 4 Scott Laughton           Tomas Tatar              Mark Stone               14     1   2  2  

5 vs 5 Defense 
   Defense                  Defense                                           Time % Phy DF OF 
 1 Zdeno Chara              Josh Gorges                                       33     1   2  2  
 2 Kris Letang              Hampus Lindholm                                   31     1   2  2  
 3 Mark Fayne               Ryan Ellis                                        24     1   2  2  
 4 Kevan Miller             Josh Gorges                                       12     1   2  2  

PowerPlay Forward 
   Center                   Left Wing                Right Wing               Time % Phy DF OF 
 1 Sean Couturier           Rick Nash                Mark Stone               50     1   2  2  
 2 Anders Lee               Tomas Tatar              Brandon Saad             50     1   2  2  

PowerPlay Defense
   Defense                  Defense                                           Time % Phy DF OF 
 1 Steve Ott                Kris Letang                                       50     1   2  2  
 2 Cam Atkinson             Ryan Ellis                                        50     1   2  2  

Penalty Kill 4 Players Forward 
   Center                   Wing                     Time % Phy DF OF 
 1 Sean Couturier           Rick Nash                50     1   2  2  
 2 Artem Anisimov           Brandon Saad             50     1   2  2  

Penalty Kill 4 Players Defense
   Defense                  Defense                  Time % Phy DF OF 
 1 Zdeno Chara              Kris Letang              50     1   2  2  
 2 Josh Gorges              Hampus Lindholm          50     1   2  2  

Penalty Kill - 3 Players Forward 
   Forward                                           Time % Phy DF OF 
 1 Mark Stone                                        50     1   2  2  
 2 Sean Couturier                                    50     1   2  2  

Penalty Kill - 3 Players Defense
   Defense                  Defense                  Time % Phy DF OF 
 1 Zdeno Chara              Kris Letang              50     1   2  2  
 2 Josh Gorges              Hampus Lindholm          50     1   2  2  

4 vs 4 Forward 
   Center                   Wing                     Time % Phy DF OF 
 1 Artem Anisimov           Mark Stone               50     1   2  2  
 2 Anders Lee               Brandon Saad             50     1   2  2  

4 vs 4 Defense
   Defense                  Defense                  Time % Phy DF OF 
 1 Mark Fayne               Kris Letang              50     1   2  2  
 2 Josh Gorges              Hampus Lindholm          50     1   2  2  

Last Minutes Offensive
   Center                   Left Wing                Right Wing               Defense                  Defense                  
   Sean Couturier           Rick Nash                Brandon Saad             Zdeno Chara              Kris Letang              

Last Minutes Defensive
   Center                   Left Wing                Right Wing               Defense                  Defense                  
   Sean Couturier           Rick Nash                Brandon Saad             Zdeno Chara              Kris Letang              

Goaltenders
Starting : Henrik Lundqvist         
Backup : Frederik Andersen        

Extra Forwards
Normal : Jeremy Morin, Scott Laughton, Steve Ott - PP : Tomas Tatar, Cam Atkinson - PK : Steve Ott
Extra Defensemen
Normal : Mark Fayne, Ryan Ellis, Kevan Miller - PP : Mark Fayne - PK : Ryan Ellis, Kevan Miller
Penalty Shots
Rick Nash, Steve Ott, Jeremy Morin, Kris Letang, Tomas Tatar

% Time on Ice - Wild

Lines # - Real PCT - Wanted PCT - Time Play
Normal Forward
1 - 27% - 35% - 13:27
2 - 29% - 30% - 14:32
3 - 22% - 22% - 11:06
4 - 23% - 13% - 11:27
Normal Defense
1 - 34% - 35% - 17:07
2 - 32% - 30% - 16:14
3 - 25% - 22% - 12:53
4 - 9% - 13% - 4:18
PP Forward
1 - 61% - 60% - 1:13
2 - 39% - 40% - 0:46
PP Defense
1 - 47% - 60% - 0:56
2 - 53% - 40% - 1:03
PK Forward
1 - 83% - 60% - 6:12
2 - 17% - 40% - 1:17
PK Defense
1 - 76% - 60% - 5:41
2 - 24% - 40% - 1:48
PK3 Forward
1 - 0% - 60%
2 - 0% - 40%
PK3 Defense
1 - 0% - 60%
2 - 0% - 40%
44 Forward
1 - 0% - 60%
2 - 0% - 40%
44 Defense
1 - 0% - 60%
2 - 0% - 40%
Last Minute Offensive  - 0:00
Last Minute Defensive  - 0:00
Total
Forward - 60:00
Defense - 60:00

% Time on Ice - Blues

Lines # - Real PCT - Wanted PCT - Time Play
Normal Forward
1 - 30% - 32% - 15:09
2 - 33% - 32% - 16:40
3 - 27% - 22% - 13:41
4 - 10% - 14% - 5:02
Normal Defense
1 - 32% - 33% - 16:01
2 - 32% - 31% - 16:23
3 - 26% - 24% - 13:08
4 - 10% - 12% - 5:00
PP Forward
1 - 51% - 50% - 3:49
2 - 49% - 50% - 3:40
PP Defense
1 - 45% - 50% - 3:24
2 - 55% - 50% - 4:05
PK Forward
1 - 61% - 50% - 1:13
2 - 39% - 50% - 0:46
PK Defense
1 - 100% - 50% - 1:59
2 - 0% - 50% - 0:00
PK3 Forward
1 - 0% - 50%
2 - 0% - 50%
PK3 Defense
1 - 0% - 50%
2 - 0% - 50%
44 Forward
1 - 0% - 50%
2 - 0% - 50%
44 Defense
1 - 0% - 50%
2 - 0% - 50%
Last Minute Offensive  - 0:00
Last Minute Defensive  - 0:00
Total
Forward - 60:00
Defense - 60:00

Play by Play

1st period


0:01 of 1st period - Marcus Johansson wins face-off versus Sean Couturier in neutral zone.
0:31 of 1st period - Snap shot by Sean Couturier.
0:31 of 1st period - Stopped by Ryan Miller without a rebound.
0:32 of 1st period - Artem Anisimov wins face-off versus Derek Stepan in Wild zone.
1:25 of 1st period - Max Talbot is hit by Steve Ott and loses puck.
2:09 of 1st period - Wrist shot by Mark Stone.
2:09 of 1st period - Shot Misses the Net.
2:11 of 1st period - Slapshot by Mark Fayne.
2:11 of 1st period - Shot Blocked by Luke Schenn.
2:13 of 1st period - Snap shot by Sean Couturier.
2:13 of 1st period - Stopped by Ryan Miller with a rebound.
2:15 of 1st period - Slapshot by Mark Fayne.
2:15 of 1st period - Shot Blocked by Jonathan Ericsson.
2:17 of 1st period - Slapshot by Mark Fayne.
2:17 of 1st period - Stopped by Ryan Miller with a rebound.
2:19 of 1st period - Snap shot by Josh Gorges.
2:19 of 1st period - Stopped by Ryan Miller without a rebound.
2:20 of 1st period - Sean Couturier wins face-off versus Craig Cunningham in Wild zone.
2:56 of 1st period - Icing by Luke Schenn.
2:57 of 1st period - Artem Anisimov wins face-off versus Craig Cunningham in Wild zone.
3:53 of 1st period - Thomas Vanek is hit by Steve Ott.
5:14 of 1st period - Wrist shot by Max Talbot.
5:14 of 1st period - Shot Misses the Net.
5:28 of 1st period - Anders Lee is hit by Marek Zidlicky and loses puck.
5:42 of 1st period - Kris Letang is hit by Marek Zidlicky and loses puck.
5:49 of 1st period - Minor Penalty to Cody McCormick for Unsportsmanlike conduct.
5:50 of 1st period - Sean Couturier wins face-off versus Marcus Johansson in Wild zone.
7:49 of 1st period - Penalty to Cody McCormick is over, Cody McCormick is back on ice.
7:53 of 1st period - Slapshot by Kris Letang.
7:53 of 1st period - Stopped by Ryan Miller without a rebound.
7:54 of 1st period - Patrik Elias wins face-off versus Sean Couturier in Wild zone.
8:27 of 1st period - Slapshot by Max Talbot.
8:27 of 1st period - Stopped by Henrik Lundqvist without a rebound.
8:28 of 1st period - Artem Anisimov wins face-off versus Derek Stepan in Blues zone.
8:28 of 1st period - Artem Anisimov is hit by Brad Marchand.
8:53 of 1st period - Snap shot by Brad Marchand.
8:53 of 1st period - Shot Misses the Net.
9:01 of 1st period - Slapshot by Brad Marchand.
9:01 of 1st period - Stopped by Henrik Lundqvist without a rebound.
9:02 of 1st period - Craig Cunningham wins face-off versus Sean Couturier in Blues zone.
9:03 of 1st period - Slapshot by Mark Streit.
9:03 of 1st period - Shot Misses the Net.
9:31 of 1st period - Slapshot by Mark Streit.
9:31 of 1st period - Stopped by Henrik Lundqvist without a rebound.
9:32 of 1st period - Steve Ott wins face-off versus Marcus Johansson in Blues zone.
9:32 of 1st period - Steve Ott is hit by Marcus Johansson.
10:40 of 1st period - Zdeno Chara is hit by Brad Marchand and loses puck.
11:59 of 1st period - Toby Enstrom is hit by Brandon Saad and loses puck.
12:40 of 1st period - Snap shot by Jordan Eberle.
12:40 of 1st period - Shot Misses the Net.
12:46 of 1st period - Luke Schenn is hit by Kevan Miller and loses puck.
13:03 of 1st period - Wrist shot by Ryan Ellis.
13:03 of 1st period - Shot Misses the Net.
13:13 of 1st period - Anders Lee is hit by Luke Schenn and loses puck.
13:52 of 1st period - Max Talbot is hit by Mark Fayne.
13:58 of 1st period - Marek Zidlicky is hit by Ryan Ellis and loses puck.
14:30 of 1st period - Off-side.
14:31 of 1st period - Artem Anisimov wins face-off versus Dale Weise in neutral zone.
14:52 of 1st period - Zdeno Chara is hit by Dale Weise and loses puck.
15:03 of 1st period - Mark Stone is hit by Craig Cunningham and loses puck.
15:30 of 1st period - Derek Stepan is hit by Steve Ott and loses puck.
15:37 of 1st period - Hampus Lindholm is hit by Tuomo Ruutu and loses puck.
16:04 of 1st period - Marcus Johansson is hit by Hampus Lindholm and loses puck.
16:13 of 1st period - Snap shot by Jordan Eberle.
16:13 of 1st period - Shot Misses the Net.
16:15 of 1st period - Slapshot by Cody Franson.
16:15 of 1st period - Deflect By Marcus Johansson.
16:15 of 1st period - Stopped by Henrik Lundqvist with a rebound.
16:52 of 1st period - Sean Couturier is hit by Max Talbot and loses puck.
16:59 of 1st period - Wrist shot by Patrik Elias.
16:59 of 1st period - Shot Blocked by Ryan Ellis.
17:01 of 1st period - Slapshot by Toby Enstrom.
17:01 of 1st period - Shot Blocked by Ryan Ellis.
17:09 of 1st period - Slapshot by Mark Streit.
17:09 of 1st period - Stopped by Henrik Lundqvist with a rebound.
17:11 of 1st period - Slapshot by Toby Enstrom.
17:11 of 1st period - Deflect By Patrik Elias.
17:11 of 1st period - Shot Misses the Net.
17:11 of 1st period - Puck is out of play.
17:12 of 1st period - Brad Marchand wins face-off versus Anders Lee in Blues zone.
17:30 of 1st period - Snap shot by Brad Marchand.
17:30 of 1st period - Shot Misses the Net.
17:32 of 1st period - Backhand shot by Mark Streit.
17:32 of 1st period - Shot Blocked by Zdeno Chara.
17:36 of 1st period - Wrist shot by Derek Stepan.
17:36 of 1st period - Stopped by Henrik Lundqvist without a rebound.
17:37 of 1st period - Marcus Johansson wins face-off versus Scott Laughton in Blues zone.
17:40 of 1st period - Snap shot by Thomas Vanek.
17:40 of 1st period - Stopped by Henrik Lundqvist without a rebound.
17:41 of 1st period - Scott Laughton wins face-off versus Marcus Johansson in Blues zone.
18:27 of 1st period - Anders Lee is hit by Patrik Elias.
18:36 of 1st period - Patrik Elias is hit by Zdeno Chara and loses puck.
19:19 of 1st period - Kris Letang is hit by Cody Franson and loses puck.
19:57 of 1st period - Wrist shot by Sean Couturier.
19:57 of 1st period - Deflect By Rick Nash.
19:57 of 1st period - Shot Blocked by Dale Weise.
19:57 of 1st period - Puck is out of play.
19:58 of 1st period - Sean Couturier wins face-off versus Craig Cunningham in Wild zone.
Goals for this period are 0 for Wild vs 0 for Blues.
Shots for this period are 7 for Wild vs 5 for Blues.

2nd period


0:01 of 2nd period - Artem Anisimov wins face-off versus Marcus Johansson in neutral zone.
0:04 of 2nd period - Wrist shot by Tomas Tatar.
0:04 of 2nd period - Shot Misses the Net.
0:32 of 2nd period - Slapshot by Marcus Johansson.
0:32 of 2nd period - Shot Misses the Net.
1:13 of 2nd period - Minor Penalty to Zdeno Chara for Charging.
1:14 of 2nd period - Sean Couturier wins face-off versus Marcus Johansson in Blues zone.
1:24 of 2nd period - Snap shot by Rick Nash.
1:24 of 2nd period - Shot Misses the Net.
1:26 of 2nd period - Slapshot by Kris Letang.
1:26 of 2nd period - Shot Misses the Net.
1:35 of 2nd period - Snap shot by Sean Couturier.
1:35 of 2nd period - Stopped by Ryan Miller with a rebound.
1:37 of 2nd period - Wrist shot by Sean Couturier.
1:37 of 2nd period - Shot Blocked by Cody Franson.
2:14 of 2nd period - Luke Schenn is hit by Brandon Saad and loses puck.
2:51 of 2nd period - Ryan Ellis is hit by Luke Schenn and loses puck.
3:02 of 2nd period - Sean Couturier is hit by Luke Schenn and loses puck.
3:13 of 2nd period - Penalty to Zdeno Chara is over, Zdeno Chara is back on ice.
3:15 of 2nd period - Snap shot by Patrik Elias.
3:15 of 2nd period - Shot Misses the Net.
3:23 of 2nd period - Snap shot by Dana Tyrell.
3:23 of 2nd period - Shot Blocked by Kris Letang.
3:25 of 2nd period - Slapshot by Cody Franson.
3:25 of 2nd period - Shot Misses the Net.
4:17 of 2nd period - Minor Penalty to Dana Tyrell for High sticking.
4:18 of 2nd period - Cody McCormick wins face-off versus Anders Lee in Wild zone.
5:07 of 2nd period - Snap shot by Mark Stone.
5:07 of 2nd period - Shot Misses the Net.
5:09 of 2nd period - Snap shot by Sean Couturier.
5:09 of 2nd period - Stopped by Ryan Miller with a rebound.
5:11 of 2nd period - Wrist shot by Mark Stone.
5:11 of 2nd period - Shot Misses the Net.
5:39 of 2nd period - Mark Streit is hit by Rick Nash and loses puck.
6:17 of 2nd period - Penalty to Dana Tyrell is over, Dana Tyrell is back on ice.
6:17 of 2nd period - Cody Franson is hit by Steve Ott and loses puck.
6:30 of 2nd period - Slapshot by Jonathan Ericsson.
6:30 of 2nd period - Shot Blocked by Anders Lee.
6:32 of 2nd period - Backhand shot by Craig Cunningham.
6:32 of 2nd period - Shot Misses the Net.
6:34 of 2nd period - Slapshot by Luke Schenn.
6:34 of 2nd period - Shot Misses the Net.
6:36 of 2nd period - Wrist shot by Dana Tyrell.
6:36 of 2nd period - Stopped by Henrik Lundqvist without a rebound.
6:37 of 2nd period - Scott Laughton wins face-off versus Dale Weise in Blues zone.
6:37 of 2nd period - Scott Laughton is hit by Luke Schenn.
7:42 of 2nd period - Cody Franson is hit by Zdeno Chara and loses puck.
8:03 of 2nd period - Wrist shot by Mark Stone.
8:03 of 2nd period - Shot Misses the Net.
8:09 of 2nd period - Sean Couturier is hit by Cody McCormick and loses puck.
8:58 of 2nd period - Minor Penalty to Tuomo Ruutu for Roughing.
8:59 of 2nd period - Anders Lee wins face-off versus Cody McCormick in Wild zone.
8:59 of 2nd period - Snap shot by Tomas Tatar.
8:59 of 2nd period - Shot Misses the Net.
10:51 of 2nd period - Sean Couturier is hit by Craig Cunningham and loses puck.
10:58 of 2nd period - Penalty to Tuomo Ruutu is over, Tuomo Ruutu is back on ice.
10:58 of 2nd period - Snap shot by Brad Marchand.
10:58 of 2nd period - Shot Blocked by Cam Atkinson.
11:00 of 2nd period - Wrist shot by Brad Marchand.
11:00 of 2nd period - Deflect By Tuomo Ruutu.
11:00 of 2nd period - Shot Misses the Net.
11:00 of 2nd period - Puck is out of play.
11:01 of 2nd period - Craig Cunningham wins face-off versus Scott Laughton in Blues zone.
11:04 of 2nd period - Wrist shot by Marek Zidlicky.
11:04 of 2nd period - Deflect By Josh Gorges.
11:04 of 2nd period - Stopped by Henrik Lundqvist with a rebound.
11:34 of 2nd period - Backhand shot by Cody Franson.
11:34 of 2nd period - Stopped by Henrik Lundqvist with a rebound.
11:36 of 2nd period - Slapshot by Cody Franson.
11:36 of 2nd period - Shot Misses the Net.
13:26 of 2nd period - Snap shot by Patrik Elias.
13:26 of 2nd period - Stopped by Henrik Lundqvist with a rebound.
13:28 of 2nd period - Slapshot by Luke Schenn.
13:28 of 2nd period - Stopped by Henrik Lundqvist with a rebound.
13:32 of 2nd period - Snap shot by Cody McCormick.
13:32 of 2nd period - Stopped by Henrik Lundqvist without a rebound.
13:33 of 2nd period - Patrik Elias wins face-off versus Sean Couturier in Blues zone.
13:52 of 2nd period - Minor Penalty to Jonathan Ericsson for Close Hand On Puck.
13:53 of 2nd period - Cody McCormick wins face-off versus Rick Nash in Wild zone.
14:12 of 2nd period - Backhand shot by Mark Stone.
14:12 of 2nd period - Shot Blocked by Cody McCormick.
14:26 of 2nd period - Snap shot by Brandon Saad.
14:26 of 2nd period - Goal by Brandon Saad - Wild : 0 - Blues : 1.
14:27 of 2nd period - Derek Stepan wins face-off versus Anders Lee in neutral zone.
14:36 of 2nd period - Snap shot by Brad Marchand.
14:36 of 2nd period - Shot Misses the Net.
15:40 of 2nd period - Cody Franson is hit by Rick Nash.
15:44 of 2nd period - Snap shot by Mark Stone.
15:44 of 2nd period - Shot Blocked by Cody Franson.
15:46 of 2nd period - Wrist shot by Rick Nash.
15:46 of 2nd period - Shot Blocked by Luke Schenn.
15:48 of 2nd period - Slapshot by Mark Fayne.
15:48 of 2nd period - Shot Blocked by Craig Cunningham.
16:04 of 2nd period - Snap shot by Artem Anisimov.
16:04 of 2nd period - Stopped by Ryan Miller with a rebound.
16:06 of 2nd period - Slapshot by Artem Anisimov.
16:06 of 2nd period - Stopped by Ryan Miller without a rebound.
16:07 of 2nd period - Artem Anisimov wins face-off versus Marcus Johansson in Wild zone.
16:08 of 2nd period - Slapshot by Brandon Saad.
16:08 of 2nd period - Shot Blocked by Toby Enstrom.
16:10 of 2nd period - Snap shot by Jeremy Morin.
16:10 of 2nd period - Shot Blocked by Toby Enstrom.
16:42 of 2nd period - Wrist shot by Mark Stone.
16:42 of 2nd period - Deflect By Rick Nash.
16:42 of 2nd period - Shot Blocked by Toby Enstrom.
16:42 of 2nd period - Puck is out of play.
16:43 of 2nd period - Sean Couturier wins face-off versus Tuomo Ruutu in Wild zone.
17:28 of 2nd period - Artem Anisimov is hit by Max Talbot and loses puck.
18:11 of 2nd period - Jordan Eberle is hit by Mark Stone and loses puck.
18:18 of 2nd period - Slapshot by Jonathan Ericsson.
18:18 of 2nd period - Deflect By Thomas Vanek.
18:18 of 2nd period - Stopped by Henrik Lundqvist with a rebound.
18:20 of 2nd period - Slapshot by Jonathan Ericsson.
18:20 of 2nd period - Deflect By Jordan Eberle.
18:20 of 2nd period - Shot Misses the Net.
18:20 of 2nd period - Puck is out of play.
18:21 of 2nd period - Marcus Johansson wins face-off versus Scott Laughton in Blues zone.
18:30 of 2nd period - Snap shot by Marcus Johansson.
18:30 of 2nd period - Stopped by Henrik Lundqvist without a rebound.
18:31 of 2nd period - Derek Stepan wins face-off versus Anders Lee in Blues zone.
19:02 of 2nd period - Wrist shot by Derek Stepan.
19:02 of 2nd period - Shot Hit the Post.
19:22 of 2nd period - Snap shot by Tomas Tatar.
19:22 of 2nd period - Stopped by Ryan Miller without a rebound.
19:23 of 2nd period - Thomas Vanek wins face-off versus Artem Anisimov in Wild zone.
Goals for this period are 0 for Wild vs 1 for Blues.
Shots for this period are 8 for Wild vs 6 for Blues.

3rd period


0:01 of 3rd period - Sean Couturier wins face-off versus Marcus Johansson in neutral zone.
0:16 of 3rd period - Snap shot by Jordan Eberle.
0:16 of 3rd period - Deflect By Thomas Vanek.
0:16 of 3rd period - Shot Hit the Post.
0:16 of 3rd period - Puck is out of play.
0:17 of 3rd period - Sean Couturier wins face-off versus Marcus Johansson in Blues zone.
0:24 of 3rd period - Toby Enstrom is hit by Mark Stone and loses puck.
0:30 of 3rd period - Off-side.
0:31 of 3rd period - Artem Anisimov wins face-off versus Derek Stepan in neutral zone.
0:35 of 3rd period - Minor Penalty to Luke Schenn for Hooking.
0:36 of 3rd period - Cody McCormick wins face-off versus Sean Couturier in Wild zone.
1:33 of 3rd period - Snap shot by Tomas Tatar.
1:33 of 3rd period - Goal by Tomas Tatar - Wild : 0 - Blues : 2.
1:34 of 3rd period - Artem Anisimov wins face-off versus Derek Stepan in neutral zone.
1:49 of 3rd period - Snap shot by Tomas Tatar.
1:49 of 3rd period - Shot Misses the Net.
1:51 of 3rd period - Snap shot by Zdeno Chara.
1:51 of 3rd period - Shot Misses the Net.
2:38 of 3rd period - Snap shot by Mark Stone.
2:38 of 3rd period - Shot Misses the Net.
2:40 of 3rd period - Snap shot by Sean Couturier.
2:40 of 3rd period - Shot Misses the Net.
2:42 of 3rd period - Slapshot by Sean Couturier.
2:42 of 3rd period - Deflect By Mark Stone.
2:42 of 3rd period - Goal by Mark Stone - Wild : 0 - Blues : 3.
2:43 of 3rd period - Anders Lee wins face-off versus Marcus Johansson in neutral zone.
3:05 of 3rd period - Snap shot by Anders Lee.
3:05 of 3rd period - Stopped by Ryan Miller with a rebound.
3:07 of 3rd period - Slapshot by Kris Letang.
3:07 of 3rd period - Shot Blocked by Toby Enstrom.
3:09 of 3rd period - Slapshot by Hampus Lindholm.
3:09 of 3rd period - Deflect By Cam Atkinson.
3:09 of 3rd period - Shot Blocked by Toby Enstrom.
3:09 of 3rd period - Puck is out of play.
3:10 of 3rd period - Sean Couturier wins face-off versus Patrik Elias in Wild zone.
3:17 of 3rd period - Wrist shot by Patrik Elias.
3:17 of 3rd period - Shot Misses the Net.
3:19 of 3rd period - Wrist shot by Max Talbot.
3:19 of 3rd period - Stopped by Henrik Lundqvist without a rebound.
3:20 of 3rd period - Patrik Elias wins face-off versus Mark Stone in Blues zone.
3:29 of 3rd period - Snap shot by Patrik Elias.
3:29 of 3rd period - Stopped by Henrik Lundqvist with a rebound.
3:31 of 3rd period - Slapshot by Jonathan Ericsson.
3:31 of 3rd period - Deflect By Patrik Elias.
3:31 of 3rd period - Shot Misses the Net.
3:31 of 3rd period - Puck is out of play.
3:32 of 3rd period - Artem Anisimov wins face-off versus Marcus Johansson in Blues zone.
3:45 of 3rd period - Snap shot by Jordan Eberle.
3:45 of 3rd period - Goal by Jordan Eberle - Wild : 1 - Blues : 3.
3:46 of 3rd period - Sean Couturier wins face-off versus Marcus Johansson in neutral zone.
3:55 of 3rd period - Wrist shot by Jordan Eberle.
3:55 of 3rd period - Stopped by Henrik Lundqvist without a rebound.
3:56 of 3rd period - Thomas Vanek wins face-off versus Sean Couturier in Blues zone.
5:22 of 3rd period - Wrist shot by Tomas Tatar.
5:22 of 3rd period - Stopped by Ryan Miller with a rebound.
5:57 of 3rd period - Snap shot by Anders Lee.
5:57 of 3rd period - Shot Misses the Net.
5:59 of 3rd period - Snap shot by Josh Gorges.
5:59 of 3rd period - Deflect By Anders Lee.
5:59 of 3rd period - Shot Misses the Net.
5:59 of 3rd period - Puck is out of play.
6:00 of 3rd period - Anders Lee wins face-off versus Craig Cunningham in Wild zone.
6:19 of 3rd period - Wrist shot by Steve Ott.
6:19 of 3rd period - Shot Hit the Post.
6:21 of 3rd period - Snap shot by Anders Lee.
6:21 of 3rd period - Shot Misses the Net.
6:23 of 3rd period - Snap shot by Zdeno Chara.
6:23 of 3rd period - Shot Blocked by Craig Cunningham.
6:25 of 3rd period - Slapshot by Zdeno Chara.
6:25 of 3rd period - Stopped by Ryan Miller with a rebound.
7:01 of 3rd period - Slapshot by Thomas Vanek.
7:01 of 3rd period - Stopped by Henrik Lundqvist without a rebound.
7:02 of 3rd period - Marcus Johansson wins face-off versus Sean Couturier in Blues zone.
7:22 of 3rd period - Luke Schenn is hit by Sean Couturier and loses puck.
8:02 of 3rd period - Mark Fayne is hit by Luke Schenn and loses puck.
8:15 of 3rd period - Brad Marchand is hit by Steve Ott.
8:36 of 3rd period - Snap shot by Sean Couturier.
8:36 of 3rd period - Deflect By Mark Stone.
8:36 of 3rd period - Shot Blocked by Luke Schenn.
8:36 of 3rd period - Puck is out of play.
8:37 of 3rd period - Sean Couturier wins face-off versus Patrik Elias in Wild zone.
9:24 of 3rd period - Dale Weise is hit by Cam Atkinson and loses puck.
10:01 of 3rd period - Snap shot by Hampus Lindholm.
10:01 of 3rd period - Stopped by Ryan Miller with a rebound.
11:15 of 3rd period - Snap shot by Derek Stepan.
11:15 of 3rd period - Shot Blocked by Kris Letang.
11:17 of 3rd period - Slapshot by Jonathan Ericsson.
11:17 of 3rd period - Stopped by Henrik Lundqvist with a rebound.
11:47 of 3rd period - Wrist shot by Anders Lee.
11:47 of 3rd period - Shot Misses the Net.
11:49 of 3rd period - Snap shot by Steve Ott.
11:49 of 3rd period - Shot Blocked by Cody McCormick.
11:51 of 3rd period - Snap shot by Cam Atkinson.
11:51 of 3rd period - Stopped by Ryan Miller without a rebound.
11:52 of 3rd period - Marcus Johansson wins face-off versus Anders Lee in Wild zone.
12:16 of 3rd period - Thomas Vanek is hit by Anders Lee and loses puck.
12:37 of 3rd period - Craig Cunningham is hit by Mark Fayne.
12:51 of 3rd period - Snap shot by Rick Nash.
12:51 of 3rd period - Shot Blocked by Dale Weise.
13:39 of 3rd period - Snap shot by Brad Marchand.
13:39 of 3rd period - Stopped by Henrik Lundqvist with a rebound.
13:41 of 3rd period - Snap shot by Brad Marchand.
13:41 of 3rd period - Stopped by Henrik Lundqvist with a rebound.
13:43 of 3rd period - Snap shot by Derek Stepan.
13:43 of 3rd period - Stopped by Henrik Lundqvist with a rebound.
13:45 of 3rd period - Wrist shot by Brad Marchand.
13:45 of 3rd period - Shot Misses the Net.
13:57 of 3rd period - Rick Nash is hit by Brad Marchand and loses puck.
14:14 of 3rd period - Cam Atkinson is hit by Luke Schenn and loses puck.
14:39 of 3rd period - Ryan Ellis is hit by Marek Zidlicky and loses puck.
15:08 of 3rd period - Slapshot by Kris Letang.
15:08 of 3rd period - Shot Misses the Net.
15:18 of 3rd period - Slapshot by Kris Letang.
15:18 of 3rd period - Stopped by Ryan Miller with a rebound.
15:20 of 3rd period - Backhand shot by Kris Letang.
15:20 of 3rd period - Stopped by Ryan Miller with a rebound.
15:22 of 3rd period - Slapshot by Kris Letang.
15:22 of 3rd period - Shot Blocked by Toby Enstrom.
15:24 of 3rd period - Wrist shot by Steve Ott.
15:24 of 3rd period - Stopped by Ryan Miller without a rebound.
15:25 of 3rd period - Derek Stepan wins face-off versus Anders Lee in Wild zone.
16:04 of 3rd period - Cam Atkinson is hit by Craig Cunningham and loses puck.
16:32 of 3rd period - Backhand shot by Kris Letang.
16:32 of 3rd period - Stopped by Ryan Miller with a rebound.
16:34 of 3rd period - Backhand shot by Sean Couturier.
16:34 of 3rd period - Stopped by Ryan Miller without a rebound.
16:35 of 3rd period - Patrik Elias wins face-off versus Sean Couturier in Wild zone.
17:07 of 3rd period - Wrist shot by Patrik Elias.
17:07 of 3rd period - Shot Misses the Net.
17:09 of 3rd period - Slapshot by Cody McCormick.
17:09 of 3rd period - Stopped by Henrik Lundqvist without a rebound.
17:10 of 3rd period - Artem Anisimov wins face-off versus Thomas Vanek in Blues zone.
17:17 of 3rd period - Wrist shot by Jordan Eberle.
17:17 of 3rd period - Shot Misses the Net.
17:19 of 3rd period - Slapshot by Luke Schenn.
17:19 of 3rd period - Stopped by Henrik Lundqvist with a rebound.
17:21 of 3rd period - Snap shot by Jordan Eberle.
17:21 of 3rd period - Stopped by Henrik Lundqvist without a rebound.
17:22 of 3rd period - Sean Couturier wins face-off versus Marcus Johansson in Blues zone.
18:13 of 3rd period - Rick Nash is hit by Brad Marchand and loses puck.
18:20 of 3rd period - Sean Couturier is hit by Tuomo Ruutu and loses puck.
18:35 of 3rd period - Snap shot by Mark Streit.
18:35 of 3rd period - Stopped by Henrik Lundqvist without a rebound.
18:36 of 3rd period - Cody McCormick wins face-off versus Artem Anisimov in Blues zone.
19:29 of 3rd period - Zdeno Chara is hit by Dana Tyrell.
19:54 of 3rd period - Slapshot by Tomas Tatar.
19:54 of 3rd period - Deflect By Jonathan Ericsson.
19:54 of 3rd period - Shot Misses the Net.
19:54 of 3rd period - Puck is out of play.
19:55 of 3rd period - Artem Anisimov wins face-off versus Marcus Johansson in Wild zone.
Goals for this period are 1 for Wild vs 2 for Blues.
Shots for this period are 13 for Wild vs 12 for Blues.